 Dungeon Crawl Stone Soup version 0.30.1-11-g7821555f0a (webtiles) character file.

Game seed: 15681355578582069273

72 lonewolfV2 the Trooper (level 4, 0/37 HPs)
             Began as a Demonspawn Fighter on Oct 30, 2023.
             Slain by a kobold
             ... wielding a +1 dagger of venom
              (3 damage)
             ... on level 3 of the Dungeon.
             The game lasted 00:02:50 (1559 turns).

lonewolfV2 the Trooper (Demonspawn Fighter)         Turns: 1559, Time: 00:02:51

Health: 0/37       AC:  6    Str: 17    XL:     4   Next: 7%
Magic:  4/4        EV:  9    Int:  9    God:
Gold:   133        SH:  4    Dex: 14    Spells: 3/3 levels left

rFire   . . .        a - +1 war axe
rCold   . . .        c - +0 buckler
rNeg    . . .        b - +0 scale mail
rPois   .            (no helmet)
rElec   .            (no cloak)
rCorr   .            (no gloves)
SInv    .            (no boots)
Will    .....        (no amulet) Stlth
                     h - ring of flight
HPRegen 0.26/turn    (no ring)
MPRegen 0.09/turn

%: no passive effects
@: lethally poisoned (0 -> -3), about to teleport, flying
A: powered by death 1
a: no special abilities


You were on level 3 of the Dungeon.
You visited 1 branch of the dungeon, and saw 4 of its levels.

You collected 133 gold pieces.

Inventory:

Hand Weapons
 a - a +1 war axe (weapon)
Armour
 b - a +0 scale mail (worn)
 c - a +0 buckler (worn)
Jewellery
 g - an amulet of magic regeneration
 h - a ring of flight (left hand)
Scrolls
 e - a scroll of fear {unknown}
 i - a scroll of amnesia
Potions
 d - a potion of might
 f - 3 potions of curing {unknown}
 j - 3 potions of degeneration
 l - a potion of attraction
 m - a potion of lignification {unknown}
 o - a potion of haste {unknown}
 p - a potion of mutation {unknown}


   Skills:
 + Level 3.7 Fighting
 * Level 3.4 Axes
 - Level 2.6 Armour
 - Level 2.6 Shields


You had 3 spell levels left.
You didn't know any spells.
Your spell library was empty.

Dungeon Overview and Level Annotations

Branches:
Dungeon (4/15)
 Temple: D:4-7

Altars:
Xom


Innate Abilities, Weirdness & Mutations

You regenerate a little health from kills.


Message History

The ball python bites you but does no damage.
You block the ball python's attack.
The ball python bites you but does no damage.
The ball python grabs you. The ball python constricts you.
You slash the ball python!
You kill the ball python!
The gnoll hits you from afar with a +0 halberd of freezing.
The gnoll freezes you. The gnoll closely misses you.
The kobold hits you but does no damage.
You barely miss the kobold. You block the kobold's attack.
The gnoll hits you from afar with a +0 halberd of freezing.
The gnoll freezes you.
You slash the kobold!
You kill the kobold!
The endoplasm jiggles.
The gnoll closely misses you.
The gnoll hits you from afar with a +0 halberd of freezing!
The gnoll freezes you. The rat closely misses you.
You hit the rat.
You kill the rat!
The kobold throws a stone.
The stone hits you but does no damage. The gnoll closely misses you.
A kobold comes into view. It is wielding a +0 club.
The kobold shouts!
The kobold hits you but does no damage.
You are poisoned.
The gnoll hits you with a +0 halberd of freezing!
* * * LOW HITPOINT WARNING * * *
The gnoll freezes you.
* * * LOW HITPOINT WARNING * * *
Things that are here:
a +0 short sword; a kobold corpse; a ball python corpse
* * * LOW HITPOINT WARNING * * *
You feel sick. The gnoll hits you but does no damage.
As you read the scroll of teleportation, it crumbles to dust.
You feel strangely unstable.
* * * LOW HITPOINT WARNING * * *
You feel sick.
The kobold hits you with a +1 dagger of venom.
You die...

........................
..
###..#≈~~#.#####......##
.#
..~≈..~.~#~≈...#.......J
..≈~~.~.~.♣~...'.K.##
.....♣~♣.♣~≈...#o...#
....♣.~#≈.≈.....J#...#
..~~.~~≈~~.~.(.gl##r.K..
..~.~~..~~.~...#K# #?r$#
.....♣.≈~......#@# .o..
.#.##~.#~.~~...#.# #..
.##.......~....#.. #.
.##..........# ##..
.##.......... ...
.##........ .#..
.##........ .....
.##........ ## ...
###.#######


You could see a gnoll, an orc, an endoplasm, 2 kobolds and a frilled lizard.

Vanquished Creatures
  2 adders
  A dart slug (D:2)
  A worm (D:2)
  3 ball pythons
  7 bats
  3 endoplasms (D:1)
  2 giant cockroaches
  4 goblins (D:1)
  5 hobgoblins
  2 jackals (D:1)
  7 kobolds
  A quokka (D:3)
  2 frilled lizards
  6 rats
46 creatures vanquished.

Notes
Turn   | Place    | Note
-------+----------+-------------------------------------------
     0 | D:1      | lonewolfV2 the Demonspawn Fighter began the quest for the
                  | Orb.
     0 | D:1      | Reached XP level 1. HP: 18/18 MP: 1/1
    62 | D:1      | Gained mutation: You regenerate a little health from kills.
                  | [demonic ancestry]
    62 | D:1      | Reached XP level 2. HP: 16/24 MP: 2/2
   825 | D:2      | You are sucked into a shaft and drop 2 floors!
   889 | D:3      | Reached XP level 3. HP: 29/29 MP: 3/3
   918 | D:3      | Found a shimmering altar of Xom.
  1340 | D:2      | Reached XP level 4. HP: 37/37 MP: 4/4
  1559 | D:3      | Slain by a kobold

Illustrated notes

Levels and vault maps discovered:
D:1:      scummos_arrival_forest, layout_basic
D:2:      layout_rooms, grunt_ministairs_2
D:3:      layout_basic, kennysheep_vampire_church, mainiacjoe_overflow_alcove_2,
          serial_rivers, chequers_serial_rivers_micro_b,
          chequers_serial_rivers_room_b, chequers_serial_rivers_room_a,
          chequers_serial_rivers_marsh, chequers_serial_rivers_large_b,
          minmay_circle_x
D:4:      layout_basic, yredelemnul_altar_generic,
          minmay_temple_entry_glassed_door, serial_shops, shop_fountains,
          nicolae_square_shop, uniq_crazy_yiuf_cottage

Skill      XL: |  1  2  3 |
---------------+----------+-----
Axes           | 2 3 |  3.4
Fighting       | |  3.7
Armour         | |  2.6
Shields        | |  2.6

Action                     |  1- 3 |  4- 6 || total
---------------------------+-------+-------++-------
  Melee: War axe           |   105 |     9 ||   114
    Use: Scroll            |     4 |     4 ||     8
 Armour: Scale mail        |    73 |     9 ||    82
  Dodge: Dodged            |    68 |     8 ||    76
  Block: Buckler           |    25 |     4 ||    29
